 Dungeon Crawl Stone Soup version 0.15-a0-244-g7dd1917 (webtiles) character file.

28975 PolkaDot the Bewitcher (level 13, -6/79 HPs)
             Began as a Vampire Enchanter on Apr 26, 2014.
             Was a High Priest of Ashenzari.
             Mangled by a death yak (30 damage)
             ... on Level 7 of the Lair of Beasts.
             The game lasted 01:25:03 (16119 turns).

PolkaDot the Bewitcher (Vampire Enchanter)         Turns: 16119, Time: 01:25:03

HP  -6/79        AC 10     Str  7      XL: 13   Next:  8%
MP  13/19        EV 15     Int 16      God: Ashenzari [*****.]
Gold 722         SH 13     Dex 18      Spells:  6 memorised,  1 level left

rFire  + . .     SeeInvis +     p - +3,+5 dagger (curse)
rCold  + + .     Clarity  +     b - +1 robe (curse)
rNeg   + + +     Conserve .     g - +0 buckler (curse)
rPois  +         rCorr    .     u - +0 helmet (curse)
rElec  .         rRot     +     i - +0 cloak (curse)
SustAb + .       Spirit   .     f - +1 pair of gloves (curse)
rMut   .         Warding  .     s - +2 pair of boots (curse)
Saprov . . .     Stasis   .     k - cursed amulet of faith
MR     +++..                    Q - cursed ring "Crogo" {+Fly MR++ Dam+4}
                                L - cursed ring "Qutho" {SustAb rF+ Int-1 Stlth++}

@: regenerating slowly, extremely resistant to hostile enchantments, uncannily
stealthy
A: bottle blood, fangs 3, see invisible, unbreathing
a: Bat Form, Bottle Blood, Scrying, Transfer Knowledge, Renounce Religion, Evoke
Flight


You were on level 7 of the Lair of Beasts.
You worshipped Ashenzari.
Ashenzari was extremely pleased with you.
You were near bloodless.

You visited 3 branches of the dungeon, and saw 16 of its levels.
You also visited: Labyrinth.

You collected 755 gold pieces.
You spent 33 gold pieces at shops.

Inventory:

Hand weapons
 p - a cursed +3,+5 dagger (weapon)
Missiles
 d - 12 darts (quivered)
Armour
 b - a cursed +1 robe (worn)
 f - a cursed +1 pair of gloves (worn)
 g - a cursed +0 buckler (worn)
 i - a cursed +0 cloak (worn)
 s - a cursed +2 pair of boots (worn)
 u - a cursed +0 helmet (worn)
 T - a +2 leather armour of cold resistance
Magical devices
 h - a wand of polymorph (16) {unknown}
 z - a wand of digging (15)
 H - a wand of fire (4)
Scrolls
 m - a scroll of random uselessness {unknown}
 n - a scroll of amnesia
 r - 5 scrolls of blinking
 v - 2 scrolls of magic mapping
 w - a scroll of vulnerability
 x - 4 scrolls of remove curse
 F - 4 scrolls of curse armour
 G - 3 scrolls of enchant weapon II
 I - a scroll of fear
 J - 2 scrolls of curse weapon
Jewellery
 k - a cursed amulet of faith (around neck)
 L - the cursed ring "Qutho" (left hand) {SustAb rF+ Int-1 Stlth++}
   (You found it in a labyrinth)

   [ring of sustain abilities]

   It sustains your strength, intelligence and dexterity.
   It affects your intelligence (-1).
   It protects you from fire.
   It makes you much more stealthy.
   It has a curse placed upon it.
 P - an uncursed amulet of conservation
 Q - the cursed ring "Crogo" (right hand) {+Fly MR++ Dam+4}
   (You found it in a labyrinth)

   [ring of flight]

   It affects your damage with ranged weapons and melee attacks (+4).
   It affects your resistance to hostile enchantments.
   It lets you fly.
   It has a curse placed upon it.
Potions
 a - 2 potions of flight
 c - a potion of beneficial mutation {unknown}
 j - 10 potions of curing
 l - a potion of invisibility
 o - 4 potions of might
 q - 2 potions of restore abilities
 t - 2 potions of brilliance
 A - a potion of heal wounds
 E - a potion of resistance {unknown}
Books
 e - a book of Minor Magic

   Spells                             Type                      Level
   Magic Dart                         Conjuration                  1
   Blink                              Translocation                2
   Call Imp                           Summoning                    2
   Repel Missiles                     Charms/Air                   2
   Slow                               Hexes                        2
   Conjure Flame                      Conjuration/Fire             3
   Mephitic Cloud                     Conjuration/Poison/Air       3
 K - a Grand Grimoire {highlevel, unknown}

   This book is beyond your current level of understanding.

   Spells                             Type                      Level
   Aura of Abjuration                 Summoning                    6
   Forceful Dismissal                 Summoning                    6
   Haunt                              Necromancy/Summoning         7
   Summon Greater Demon               Summoning                    7
   Malign Gateway                     Summoning/Translocation      7
   Summon Horrible Things             Summoning                    8
 N - a book of Hinderance

   Spells                             Type                      Level
   Confusing Touch                    Hexes                        1
   *Confuse                           Hexes                        3
   Petrify                            Transmutation/Earth          4
   Leda's Liquefaction                Hexes/Earth                  4
   Metabolic Englaciation             Hexes/Ice                    5
   Summon Mana Viper                  Hexes/Summoning              5


   Skills:
 - Level 11.6(15.3) Short Blades
 - Level 0.7 Throwing
 - Level 2.1(5.1) Dodging
 + Level 16.3(19.7) Stealth
 * Level 4.3(6.8) Shields
 - Level 2.0 Spellcasting
 + Level 20.2(23.2) Hexes


You had one spell level left.
You knew the following spells:

 Your Spells              Type           Power        Failure   Level  Hunger
a - Corona                Hex            ######.      0%          1    #......
b - Sure Blade            Hex/Chrm       #####.....   1%          2    ###....
c - Confuse               Hex            ######..     0%          3    ####...
d - Ensorcelled Hibernat  Hex/Ice        #####.       1%          2    ###....
e - Enslavement           Hex            ######..     0%          4    #####..
s - Dazzling Spray        Conj/Hex       #####...     1%          3    ####...


Dungeon Overview and Level Annotations

Branches:
Dungeon (8/15)             Temple (1/1) D:5            Lair (7/8) D:8
 Shoals (0/5) Lair:5       Spider (0/5) Lair:6        Slime (0/6) Lair:6

Altars:
Ashenzari
Cheibriados
Dithmenos
Elyvilon
Fedhas
Kikubaaqudgha
Makhleb
Nemelex Xobeh
Okawaru
Sif Muna
Trog
Vehumet
Zin
The Shining One

Shops:
D:7 !

Annotations:
D:7 exclusion: orange crystal statue


Innate Abilities, Weirdness & Mutations

You heal slowly.
You can bottle blood from corpses.
You have razor-sharp teeth.*
You have supernaturally acute eyesight.
You can survive without breathing.*


Message History

The death yak is dazzled.
The spray of energy hits the death yak.
The death yak is lightly wounded.
The death yak is dazzled.
The death yak gores you!
You slash the death yak!
The death yak is moderately wounded.
You hit the death yak.
The death yak is moderately wounded.
The death yak gores you!
* * * LOW HITPOINT WARNING * * *
Casting: Dazzling Spray
Confirm with . or Enter, or press ? or * to list all spells.
Aiming: Dazzling Spray
Press: ? - help, Shift-Dir - straight line, f/p - death yak
Aim: a death yak (lightly wounded)
The spray of energy hits the death yak.
The death yak is moderately wounded.
The spray of energy hits the death yak.
The death yak is lightly wounded.
The death yak misses you. The death yak gores you!
You die...

,
,........#............<..#,
,
........P.#P............###
*
,.................#........#
,
.......PP............#.....
,,
.........P#..........##....P
,
.........##......##...#.....
, ,
....#.....#.......#..#......
, ,#.......##P....#.#.......
,,,,,,
##.....Y@..P..#.......... ,
, ,#......Y......#..........
, ,
,..........Y...............
,, ,,
,.#............##......... *
* *#.##..#............#.#..
* # #########.#########.#
### ###


You could see 3 death yaks.

Vanquished Creatures
  A minotaur (Lab)
  A hydra (Lair:6)
  Erica (Lair:2)
  3 death yaks (Lair:4)
  A catoblepas (Lair:5)
  A griffon (Lair:5)
  An oklob plant (Lair:3)
  A manticore (Lair:5)
  2 black mambas
  A gargoyle (D:6)
  4 spiny frogs
  A feature mimic (D:8)
  7 komodo dragons
  Grinder (D:5)
  A polar bear (Lair:6)
  5 giant fireflies (Lair:4)
  2 wandering mushrooms (Lair:1)
  Prince Ribbit (D:5)
  21 blink frogs
  3 basilisks
  4 trapdoor spiders (Lair:6)
  2 sharks
  4 hippogriffs
  11 wolves
  9 yaks
  10 porcupines
  2 orc warriors
  A black bear (D:7)
  A necrophage (D:8)
  2 ogres (D:4)
  2 phantoms
  12 water moccasins
  A centaur (D:5)
  11 crocodiles
  12 giant slugs
  A gnoll sergeant (D:6)
  11 giant frogs
  4 scorpions
  3 killer bees (D:7)
  An electric eel (Lair:1)
  2 crimson imps
  2 giant frog zombies
  3 big fish
  A jelly (D:8)
  10 hounds
  3 orc priests
  9 orc wizards
  3 worker ants
  6 iguanas
  23 sheep
  A hound skeleton (D:8)
  Terence (D:3)
  7 gnolls
  22 green rats
  A worm zombie (D:5)
  An inept feature mimic (D:7)
  An orc skeleton (D:6)
  A shadow imp (D:8)
  12 adders
  3 giant mites
  4 worms
  An adder skeleton (D:4)
  A giant eyeball (D:6)
  9 giant geckos
  An ooze (D:1)
  13 orcs
  2 ball pythons
  20 bats
  A bat skeleton (D:5)
  12 hobgoblins
  27 jackals
  13 kobolds
  10 quokkas
  4 giant cockroaches
  A giant newt (D:5)
  A giant spore (Lair:1)
  8 goblins
  A kobold zombie (D:8)
  An orc zombie (D:6)
  14 rats
  2 ballistomycetes (Lair:1)
421 creatures vanquished.

Vanquished Creatures (others)
  A fungus (Lair:5)
  6 plants (Lair:1)
7 creatures vanquished.

Grand Total: 428 creatures vanquished

Notes
Turn   | Place    | Note
--------------------------------------------------------------
     0 | D:1      | PolkaDot, the Vampire Enchanter, began the quest for the Orb.
     0 | D:1      | Reached XP level 1. HP: 13/13 MP: 3/3
   400 | D:1      | Reached XP level 2. HP: 17/19 MP: 2/4
   404 | D:1      | Learned a level 2 spell: Ensorcelled Hibernation
   407 | D:1      | Learned a level 2 spell: Sure Blade
   424 | D:1      | Found a sparkling altar of Nemelex Xobeh.
   443 | D:1      | Reached skill level 5 in Hexes
  1240 | D:1      | Reached XP level 3. HP: 24/24 MP: 3/6
  1431 | D:2      | Found an iron altar of Okawaru.
  1900 | D:2      | Reached skill level 6 in Hexes
  1900 | D:2      | Reached XP level 4. HP: 28/30 MP: 0/7
  2608 | D:3      | Noticed Terence
  2617 | D:3      | Killed Terence
  2617 | D:3      | Reached XP level 5. HP: 35/35 MP: 6/9
  3353 | D:4      | Reached skill level 7 in Hexes
  3420 | D:4      | Noticed an ogre
  3428 | D:4      | Killed an ogre
  3428 | D:4      | Reached skill level 5 in Stealth
  3428 | D:4      | Reached XP level 6. HP: 41/41 MP: 5/10
  3587 | D:4      | Noticed an ogre
  3590 | D:4      | Killed an ogre
  3590 | D:4      | Reached skill level 8 in Hexes
  3905 | D:5      | Entered Level 5 of the Dungeon
  3905 | D:5      | Noticed Prince Ribbit
  3909 | D:5      | Killed Prince Ribbit
  3909 | D:5      | Reached skill level 9 in Hexes
  3909 | D:5      | Reached XP level 7. HP: 46/46 MP: 12/12
  3984 | D:5      | Found a burning altar of Makhleb.
  3984 | D:5      | Noticed a green death
  3987 | D:5      | Noticed a smoke demon
  3987 | D:5      | Noticed an orange demon
  4119 | D:5      | Learned a level 3 spell: Confuse
  4192 | D:5      | Noticed Grinder
  4197 | D:5      | Paralysed by Grinder for 4 turns
  4201 | D:5      | Killed Grinder
  4201 | D:5      | Reached skill level 5 in Short Blades
  4201 | D:5      | Reached skill level 10 in Hexes
  4264 | D:5      | Reached XP level 8. HP: 52/52 MP: 13/13
  4322 | D:5      | Found a staircase to the Ecumenical Temple.
  4332 | Temple   | Entered the Ecumenical Temple
  4378 | Temple   | Became a worshipper of Ashenzari the Shackled
  4504 | D:5      | Noticed a hippogriff
  4512 | D:5      | Killed a hippogriff
  4769 | D:6      | Paralysed by a giant eyeball for 3 turns
  4775 | D:6      | Paralysed by a giant eyeball for 3 turns
  4792 | D:6      | Reached skill level 11 in Hexes
  4911 | D:6      | Noticed a gargoyle
  4918 | D:6      | Killed a gargoyle
  4979 | D:6      | Reached skill level 12 in Hexes
  5127 | D:6      | Learned a level 3 spell: Dazzling Spray
  5354 | D:7      | Reached XP level 9. HP: 57/57 MP: 14/14
  5722 | D:7      | Reached skill level 10 in Stealth
  5860 | D:7      | Reached skill level 13 in Hexes
  6117 | D:7      | Found Ucoy's Distillery.
  6125 | D:7      | Bought a potion of heal wounds for 33 gold pieces
  6398 | D:7      | Got an uncursed steaming pewter ring
  6746 | D:8      | Found a staircase to the Lair.
  7175 | D:8      | Reached skill level 14 in Hexes
  7672 | D:8      | Reached XP level 10. HP: 63/63 MP: 13/16
  8486 | Lair:1   | Entered Level 1 of the Lair of Beasts
  8521 | Lair:1   | Found a labyrinth entrance.
  8525 | Lab      | Entered a labyrinth
  9613 | Lab      | Noticed a minotaur
  9616 | Lab      | Killed a minotaur
  9616 | Lab      | Reached skill level 15 in Hexes
  9618 | Lab      | Got an uncursed twitching platinum ring
  9618 | Lab      | Identified the ring "Crogo" {+Fly MR++ Dam+4}
  9621 | Lab      | Got the scimitar of Dawn {venom, rPois rC+ Str+1}
 10074 | Lair:1   | Reached skill level 16 in Hexes
 10258 | Lair:1   | Noticed a black mamba
 10268 | Lair:1   | Killed a black mamba
 10545 | Lair:1   | Reached XP level 11. HP: 68/68 MP: 14/17
 11228 | Lair:1   | Reached skill level 17 in Hexes
 11405 | Lair:1   | Reached skill level 10 in Short Blades
 11751 | Lair:2   | Acquired Ashenzari's first power
 11751 | Lair:2   | Identified the +11,+7 scimitar of Dawn {venom, rPois rC+ Str+1} (You found it in a labyrinth)
 12069 | Lair:2   | Noticed Erica
 12073 | Lair:2   | Killed Erica
 12073 | Lair:2   | Reached skill level 18 in Hexes
 12682 | Lair:3   | Acquired Ashenzari's second power
 12697 | Lair:3   | Reached XP level 12. HP: 74/74 MP: 9/18
 13362 | Lair:4   | Identified the ring "Plamolif" {Hunger- Str-2 Dex+2} (You found it on level 7 of the Dungeon)
 13728 | Lair:4   | Learned a level 4 spell: Enslavement
 13731 | Lair:4   | Reached skill level 15 in Stealth
 13754 | Lair:4   | Reached skill level 19 in Hexes
 14400 | Lair:5   | Acquired Ashenzari's third power
 14441 | Lair:5   | Identified the ring "Qutho" {SustAb rF+ Int-1 Stlth++} (You found it in a labyrinth)
 14725 | Lair:5   | Reached skill level 1 in Shields
 15016 | Lair:5   | Found a staircase to the Shoals.
 15028 | Lair:5   | Reached skill level 20 in Hexes
 15232 | Lair:6   | Noticed an eight-headed hydra
 15240 | Lair:6   | Killed an eight-headed hydra
 15386 | Lair:6   | Reached XP level 13. HP: 66/79 MP: 12/19
 15498 | Lair:6   | Acquired Ashenzari's fourth power
 15725 | Lair:6   | Found a staircase to the Slime Pits.
 15761 | Lair:6   | Found a hole to the Spider Nest.
 16119 | Lair:7   | Mangled by a death yak

Action                   |  1- 3 |  4- 6 |  7- 9 | 10-12 | 13-15 || total
-------------------------+-------+-------+-------+-------+-------++-------
Melee: Dagger            |   130 |    63 |   271 |   419 |    26 ||   909
 Cast: Corona            |    11 |       |     6 |     2 |       ||    19
       Ensorcelled Hiber |    16 |    22 |    89 |   126 |     9 ||   262
       Confuse           |       |       |    12 |     1 |       ||    13
       Sure Blade        |       |       |     1 |       |       ||     1
       Dazzling Spray    |       |       |     3 |    63 |     8 ||    74
 Abil: End Transformatio |       |       |     1 |       |       ||     1
       Bat Form          |       |       |     1 |       |       ||     1
Evoke: Wand              |       |       |     3 |     5 |       ||     8
  Use: Scroll            |       |    11 |    15 |    12 |       ||    38
       Potion            |       |     1 |     2 |       |       ||     3
 Stab: Sleeping          |    14 |    26 |    78 |   141 |    12 ||   271
       Invisible         |       |       |     2 |    25 |     1 ||    28
       Distracted        |       |       |     1 |     4 |       ||     5
